 Dungeon Crawl Stone Soup version 0.25.1-2-g60ff931df9 (webtiles) character file.

Game seed: 3033983313569029432

109 hehateme the Conjurer (level 4, -6/24 HPs)
             Began as a Deep Elf Conjurer on Nov 10, 2020.
             Mangled by a gnoll
             ... wielding a +2 halberd of protection
              (8 damage)
             ... on level 2 of the Dungeon.
             The game lasted 00:05:33 (2341 turns).

hehateme the Conjurer (Deep Elf Conjurer)           Turns: 2341, Time: 00:05:34

Health: -6/24      AC:  2    Str:  6    XL:     4   Next: 59%
Magic:  0/12       EV: 13    Int: 20    God:
Gold:   101        SH:  0    Dex: 15    Spells: 8/11 levels left

rFire    . . .     SeeInvis .   h - +0 long sword (vorpal)
rCold    . . .     Gourm    .   (no shield)
rNeg     . . .     Faith    .   a - +0 robe
rPois    .         Spirit   .   (no helmet)
rElec    .         Reflect  .   (no cloak)
rCorr    .         Harm     .   (no gloves)
MR       .....                  (no boots)
Stlth    ++........             (no amulet)
HPRegen  0.08/turn              (no ring)
MPRegen  0.13/turn              (no ring)

@: no status effects
A: no striking features
a: no special abilities


You were on level 2 of the Dungeon.
You were not hungry.

You visited 1 branch of the dungeon, and saw 2 of its levels.

You collected 101 gold pieces.

Inventory:

Hand Weapons
 g - a +0 short sword
 h - a +0 vorpal long sword (weapon)
Armour
 a - a +0 robe (worn)
 f - a +0 leather armour
Scrolls
 d - a scroll of amnesia {unknown}
 e - 2 scrolls of teleportation
 i - a scroll of magic mapping {unknown}
Comestibles
 c - 2 rations


   Skills:
 + Level 2.4 Dodging
 + Level 3.2 Stealth
 + Level 4.3 Spellcasting
 + Level 5.7 Conjurations


You had 8 spell levels left.
You knew the following spells:

 Your Spells              Type           Power        Failure   Level  Hunger
a - Magic Dart            Conj           ####         1%          1    None
b - Searing Ray           Conj           ####..       1%          2    #......

Your spell library contained the following spells:

 Spells                   Type           Power        Failure   Level  Hunger
 Dazzling Flash           Conj/Hex       ###...       12%         3    ###....
 Fulminant Prism          Conj/Hex       ###.......   36%         4    ####...
 Iskenderun's Mystic Bla  Conj/Tloc      ###.....     36%         4    ####...


Dungeon Overview and Level Annotations

Branches:
Dungeon (2/15)

Altars:
Ru


Message History

(Press . to maintain the ray.)
The gnoll hits you from afar with a +2 halberd of protection!
Casting: Searing Ray (safe; 1% risk of failure)
Confirm with . or Enter, or press ? or * to list all spells.
Aiming: Searing Ray (safe; 1% risk of failure)
Press: ? - help, Shift-Dir - straight line, f/p - gnoll
Aim: a gnoll, wielding a +2 halberd of protection (heavily wounded)
The searing ray hits the gnoll.
The gnoll is severely wounded. (Press . to maintain the ray.)
The gnoll hits you from afar with a +2 halberd of protection!
Ouch! That really hurt!
* * * LOW HITPOINT WARNING * * *
Casting: Searing Ray (safe; 1% risk of failure)
Confirm with . or Enter, or press ? or * to list all spells.
You don't have enough magic to cast that spell.
Unknown command.
Unknown command.
The gnoll hits you with a +2 halberd of protection!
You die...

.........#.######
#.
#.###....#....##
#. ..
>.....#..... #.
###...##..... #.
##.###.... ##. #.
#... #.. #.
####.##########
#..
#.............#
#..
#.##@########.#
### #g# #.# .#.
##.## .# #.
####...### ..
#..........# #.
#####...#.# #.
##.##.# #
####.##.#
.....##.####


You could see a gnoll.

Vanquished Creatures
  3 gnolls (D:2)
  3 adders (D:2)
  A worm (D:2)
  2 dart slugs
  2 leopard geckos (D:2)
  3 giant cockroaches (D:2)
  2 goblins (D:1)
  7 hobgoblins
  2 jackals (D:1)
  A quokka (D:2)
  A ball python (D:1)
  4 bats
  4 frilled lizards
  6 kobolds
  4 rats
45 creatures vanquished.

Notes
Turn   | Place    | Note
-------+----------+-------------------------------------------
     0 | D:1      | hehateme the Deep Elf Conjurer began the quest for the Orb.
     0 | D:1      | Reached XP level 1. HP: 10/10 MP: 6/6
   292 | D:1      | Reached XP level 2. HP: 15/15 MP: 5/8
   538 | D:1      | Reached skill level 5 in Conjurations
   968 | D:2      | Reached XP level 3. HP: 19/19 MP: 4/9
  1372 | D:2      | Learned a level 2 spell: Searing Ray
  1795 | D:2      | Found a sacrificial altar of Ru.
  1807 | D:2      | Reached XP level 4. HP: 24/24 MP: 8/11
  1856 | D:2      | Noticed a centaur
  2341 | D:2      | Mangled by a gnoll

Illustrated notes

Levels and vault maps discovered:
D:1:      lightli_arrival_windingriver, layout_basic
D:2:      layout_loops_ring, nicolae_overflow_crystal_walls,
          overflow_temple_1_default, solitary_fountain

Skill      XL: |  1  2  3  4 |
---------------+-------------+-----
Conjurations   | 5 |  5.7
Stealth        | 3 |  3.2
Spellcasting   | 4 |  4.3
Dodging        | |  2.4

Action                   |  1- 3 |  4- 6 || total
-------------------------+-------+-------++-------
Melee: Short sword       |     9 |       ||     9
 Cast: Magic Dart        |    69 |     7 ||    76
       Searing Ray       |     8 |     9 ||    17
  Use: Scroll            |       |     1 ||     1
  Eat: Chunk             |     3 |     2 ||     5
Armor: Robe              |     2 |       ||     2
Dodge: Dodged            |    19 |       ||    19
       Rpst.: Long sword |     3 |       ||     3
